 Dungeon Crawl Stone Soup version 0.28.0 (webtiles) character file.

Game seed: 10208669131899753676

10202 pkoi the Stormcaller (level 11, -12/74 HPs)
             Began as a Black Draconian Air Elementalist on Feb 10, 2022.
             Was a Believer of Sif Muna.
             Mangled by a komodo dragon (22 damage)
             ... on level 1 of the Lair of Beasts.
             The game lasted 00:18:36 (13380 turns).

pkoi the Stormcaller (DrAE)                        Turns: 13380, Time: 00:18:36

Health: -12/74     AC: 11    Str: 10    XL:     11   Next: 33%
Magic:  28/29      EV: 14    Int: 20    God:    Sif Muna [**....]
Gold:   511        SH:  0    Dex: 12    Spells: 14/22 levels left

rFire   . . .      SeeInvis .   j - staff of air
rCold   . . .      Faith    .   (no shield)
rNeg    . . .      Spirit   .   (armour unavailable)
rPois   +          Reflect  .   H - +2 hat
rElec   +          Harm     .   x - +1 cloak
rCorr   .          Rampage  .   (no gloves)
Will    .....                   (no boots)
Stlth   ++........              A - amulet of magic regeneration
HPRegen 0.22/turn               J - ring of magical power
MPRegen 0.61/turn               z - ring of poison resistance

@: about to teleport, marked, flying
A: breathe lightning, AC +7, unfitting armour, electricity resistance,
cold-blooded
a: Breathe Lightning, Renounce Religion, Channel Magic


You were on level 1 of the Lair of Beasts.
You worshipped Sif Muna.
Sif Muna was pleased with you.
You visited 3 branches of the dungeon, and saw 12 of its levels.

You collected 511 gold pieces.

Inventory:

Hand Weapons
 b - a +0 short sword
 c - a +1 long sword of holy wrath
 d - a +3 spear of venom
 q - a +1 dagger of electrocution
Missiles
 i - 2 throwing nets
Armour
 x - a +1 cloak (worn)
 H - a +2 hat (worn)
Magical Staves
 j - a staff of air (weapon)
Jewellery
 p - a ring of see invisible
 y - an amulet of regeneration
 z - a ring of poison resistance (right hand)
 A - an amulet of magic regeneration (around neck)
 J - a ring of magical power (left hand)
Wands
 g - a wand of iceblast (13)
 r - a wand of acid (13)
 t - a wand of polymorph (17)
 D - a wand of digging (6)
 F - a wand of flame (17)
 G - a wand of charming (4)
Scrolls
 a - 3 scrolls of identify
 e - a scroll of amnesia
 f - 2 scrolls of teleportation
 h - a scroll of torment
 v - 4 scrolls of fog
 B - a scroll of enchant armour
 C - 3 scrolls of fear
Potions
 k - a potion of ambrosia
 m - 2 potions of flight
 o - a potion of invisibility
 s - a potion of curing
 u - 2 potions of haste {unknown}


   Skills:
 + Level 5.5 Dodging
 - Level 1.7 Stealth
 - Level 6.0 Spellcasting
 - Level 3.0 Conjurations
 + Level 15.2 Air Magic
 - Level 10.0 Invocations


You had 14 spell levels left.
You knew the following spells:

 Your Spells              Type           Power      Damage    Failure   Level
a - Shock                 Conj/Air       100%       1d9       1%          1
b - Swiftness             Air            79%        N/A       1%          3
c - Airstrike             Air            39%        N/A       1%          4

Your spell library contained the following spells:

 Spells                   Type           Power      Damage    Failure   Level
 Static Discharge         Conj/Air       59%        N/A       1%          2
 Magic Dart               Conj           72%        1d6       3%          1
 Searing Ray              Conj           36%        2d5       4%          2
 Fulminant Prism          Conj/Hex       6%         3d7       50%         4


Dungeon Overview and Level Annotations

Branches:
Dungeon (10/15)            Temple (1/1) D:4            Lair (1/6) D:9
    Orc: D:9-12

Altars:
Ashenzari
Cheibriados
Dithmenos
Elyvilon
Fedhas
Gozag
Hepliaklqana
Kikubaaqudgha
Makhleb
Nemelex Xobeh
Okawaru
Qazlal
Ru
Sif Muna
Trog
Uskayaw
Vehumet
Wu Jian
Xom
Yredelemnul
Zin
The Shining One

Shops:
D:1 :   D:8 =

Annotations:
D:10 Fannar
Lair:1 3 runed translucent doors, browni3141's ghost, novice MiBe


Innate Abilities, Weirdness & Mutations

You can breathe wild blasts of lightning.
Your glossy black scales are hard. (AC +7)
You cannot fit into any form of body armour.
You are resistant to electric shocks. (rElec)
You are cold-blooded and may be slowed by cold attacks.


Message History

You feel invigorated. Joseph barely misses you.
You hit Joseph but do no damage.
Joseph is electrocuted.
Joseph is moderately wounded.
Joseph hits you with a +0 quarterstaff!
* * * LOW HITPOINT WARNING * * *
You closely miss Joseph.
Joseph is moderately wounded.
Joseph closely misses you.
Joseph says, "I'm here to kill trespassers.
I like my job."
Joseph unwields a +0 quarterstaff.
Joseph wields a +0 hunting sling.
Joseph shoots a sling bullet.
The sling bullet hits you!
* * * LOW HITPOINT WARNING * * *
Joseph unwields a +0 hunting sling.
Joseph wields a +0 quarterstaff.
Joseph hits you with a +0 quarterstaff.
* * * LOW HITPOINT WARNING * * *
You hit Joseph.
Joseph is electrocuted!
Joseph is heavily wounded.
Joseph shouts, "I love to fight!
I love killing!"
Joseph hits you but does no damage.
You hit Joseph.
Your tail-slap misses Joseph.
Joseph is heavily wounded.
Joseph closely misses you.
You hit Joseph.
Joseph is electrocuted!
You tail-slap Joseph, but do no damage.
Joseph is severely wounded.
You feel less invigorated.
You feel less confused. Joseph closely misses you.
Joseph hits you with a +0 quarterstaff!
* * * LOW HITPOINT WARNING * * *
Aiming: Airstrike (safe; 1% risk of failure)
Press: ? - help, Q - select action, (/) - cycle Dir - move target, f/p - Joseph
Aim: Joseph, wielding a +0 quarterstaff, wearing a +0 ring mail and quivering sling bullets (severely wounded, empty space bonus: 5/8)
You feel a surge of power!
The air twists around and strikes Joseph!!
You kill Joseph!
Sif Muna accepts your kill.
Found a smoky pink potion.
The komodo dragon bites you!
* * * LOW HITPOINT WARNING * * *
As you read the scroll of teleportation, it crumbles to dust.
You feel strangely unstable. The komodo dragon bites you!!
You die...

.# # .# ##. #.##
##..# #...##.
.....#######P......
!..................
#.................
#.....@.....(.....
#....#.ll...##.#..
#..## ###)..## .
#D..# ..... ##..##
..... #....#
##....## ...###
#......# ##..#
#......####..#


You could see a six-headed hydra and 2 komodo dragons.

Vanquished Creatures
  2 two-headed ogres
  Nergalle (D:10)
  Joseph (Lair:1)
  4 kobold demonologists (D:9)
  A cane toad (Lair:1)
  A troll (D:8)
  A hornet (D:8)
  A wyvern (D:8)
  A spriggan (D:9)
  10 yaks
  A steam dragon (D:6)
  2 wargs
  3 water moccasins
  A sky beast (D:6)
  4 orc warriors
  3 ice beasts
  2 necrophages (D:6)
  2 ogres
  3 wolves (D:9)
  A centaur (D:6)
  2 kobold brigands
  Blork the orc (D:5)
  4 bullfrogs
  A scorpion (D:5)
  9 killer bees
  2 howler monkeys (D:8)
  4 wights (D:9)
  3 centaur zombies
  A bullfrog zombie (D:6)
  4 orc priests
  4 hounds
  Crazy Yiuf (D:6)
  Natasha (twice) (D:3)
  6 orc wizards
  3 iguanas
  A howler monkey zombie (D:9)
  Robin (D:4)
  4 gnolls
  6 adders
  A howler monkey skeleton (D:6)
  A worm (D:2)
  2 dart slugs
  19 orcs
  3 bats
  9 endoplasms
  A giant cockroach (D:1)
  14 goblins
  6 hobgoblins
  8 jackals
  3 quokkas
  3 ball pythons
  2 frilled lizards (D:1)
  10 kobolds
  2 rats (D:2)
188 creatures vanquished.

Vanquished Creatures (others)
  Maurice (D:8)
  A plant (D:9)
2 creatures vanquished.

Grand Total: 190 creatures vanquished

Notes
Turn   | Place    | Note
-------+----------+-------------------------------------------
     0 | D:1      | pkoi the Draconian Air Elementalist began the quest for the
                  | Orb.
     0 | D:1      | Reached XP level 1. HP: 14/14 MP: 3/3
   255 | D:1      | Found Sojaen's Book Boutique.
   298 | D:1      | Reached XP level 2. HP: 20/20 MP: 0/5
   331 | D:1      | HP: 1/20 [poisoned by a gnoll]
   699 | D:1      | Reached skill level 4 in Air Magic
   994 | D:1      | Reached XP level 3. HP: 26/26 MP: 2/6
  1798 | D:2      | Learned a level 3 spell: Swiftness
  2110 | D:3      | Found a faded altar of an unknown god.
  2175 | D:3      | Noticed Natasha
  2179 | D:3      | Killed Natasha
  2180 | D:3      | Reached skill level 5 in Air Magic
  2180 | D:3      | Reached XP level 4. HP: 33/33 MP: 2/7
  2242 | D:3      | Noticed Natasha
  2251 | D:3      | Killed Natasha
  2846 | D:4      | Noticed an ogre
  3004 | D:4      | Noticed a kobold brigand
  3016 | D:4      | Killed a kobold brigand
  3017 | D:4      | Reached skill level 6 in Air Magic
  3017 | D:4      | Reached XP level 5. HP: 25/38 MP: 4/8
  3123 | D:4      | Learned a level 4 spell: Airstrike
  3151 | D:4      | Noticed Robin
  3181 | D:4      | Killed Robin
  3265 | D:4      | Found a staircase to the Ecumenical Temple.
  3339 | D:4      | Found a stormy altar of Qazlal.
  3339 | D:4      | Found a white marble altar of Elyvilon.
  3339 | D:4      | Found a basalt altar of Yredelemnul.
  3445 | D:4      | Found a sparkling altar of Nemelex Xobeh.
  3541 | D:4      | Killed an ogre
  3542 | D:4      | Reached skill level 7 in Air Magic
  3542 | D:4      | Reached XP level 6. HP: 45/45 MP: 3/9
  4165 | Temple   | Entered the Ecumenical Temple
  4419 | Temple   | Became a worshipper of Sif Muna the Loreminder
  4456 | D:5      | Entered Level 5 of the Dungeon
  4546 | D:5      | Noticed Blork the orc
  4567 | D:5      | Killed Blork the orc
  4767 | D:5      | Found a hazy altar of Hepliaklqana.
  4768 | D:5      | Noticed an ice beast
  4786 | D:5      | Reached skill level 1 in Invocations
  4789 | D:5      | Killed an ice beast
  4790 | D:5      | Your scales start taking on a glossy black colour.
  4790 | D:5      | Reached skill level 8 in Air Magic
  4790 | D:5      | Reached XP level 7. HP: 50/50 MP: 3/10
  4790 | D:5      | Gained mutation: You are resistant to electric shocks.
                  | (rElec) [Black Draconian growth]
  4938 | D:5      | Reached skill level 9 in Air Magic
  5772 | D:6      | Noticed a steam dragon
  5805 | D:6      | Killed a steam dragon
  6182 | D:6      | Reached XP level 8. HP: 57/57 MP: 6/13
  6781 | D:6      | Reached skill level 10 in Air Magic
  7297 | D:6      | Found a runed translucent door.
  7298 | D:6      | Noticed Crazy Yiuf
  7559 | D:6      | Killed Crazy Yiuf
  7997 | D:7      | Reached skill level 5 in Invocations
  8573 | D:7      | Reached skill level 5 in Spellcasting
  9043 | D:8      | Noticed Maurice
  9057 | D:8      | Killed Maurice
  9058 | D:8      | Reached XP level 9. HP: 14/62 MP: 5/17
  9187 | D:8      | Reached skill level 11 in Air Magic
  9324 | D:8      | Reached * piety under Sif Muna
 10062 | D:8      | Reached skill level 12 in Air Magic
 10214 | D:8      | Found a glowing golden altar of the Shining One.
 10214 | D:8      | Found an ornate altar of the Wu Jian Council.
 10258 | D:8      | Found Ecsuss's Jewellery Boutique.
 10427 | D:9      | Noticed a kobold demonologist
 10427 | D:9      | Noticed a kobold demonologist
 10427 | D:9      | Noticed a kobold demonologist
 10427 | D:9      | Noticed a kobold demonologist
 10768 | D:9      | Found a staircase to the Lair.
 10871 | D:9      | Noticed a troll
 11031 | D:9      | Noticed a two-headed ogre
 11045 | D:9      | Killed a two-headed ogre
 11046 | D:9      | Reached XP level 10. HP: 67/69 MP: 4/19
 11606 | D:9      | Reached skill level 13 in Air Magic
 12010 | D:9      | Reached skill level 10 in Invocations
 12024 | D:10     | Entered Level 10 of the Dungeon
 12047 | D:10     | Noticed a two-headed ogre
 12054 | D:10     | Killed a two-headed ogre
 12055 | D:10     | Reached skill level 14 in Air Magic
 12315 | D:10     | Noticed Nergalle
 12322 | D:10     | Killed Nergalle
 12323 | D:10     | Reached XP level 11. HP: 12/71 MP: 4/20
 12722 | D:10     | Noticed Fannar
 12819 | Lair:1   | Entered Level 1 of the Lair of Beasts
 12819 | Lair:1   | Found a runed translucent gate.
 12819 | Lair:1   | Found a runed translucent gate.
 12819 | Lair:1   | Found a runed translucent gate.
 12842 | Lair:1   | Reached ** piety under Sif Muna
 12883 | D:9      | Reached skill level 5 in Dodging
 13045 | D:9      | Reached skill level 15 in Air Magic
 13340 | Lair:1   | Noticed a six-headed hydra
 13358 | Lair:1   | Noticed browni3141's ghost (novice MiBe)
 13363 | Lair:1   | Noticed Joseph
 13376 | Lair:1   | Killed Joseph
 13380 | Lair:1   | Mangled by a komodo dragon

Illustrated notes

Levels and vault maps discovered:
D:1:      wander_arrival_lonely_grave, layout_basic, serial_shops,
          nicolae_shop_crystal
D:2:      layout_basic, moated_statue
D:3:      layout_basic, chequers_ecumenical_altar_island,
          corexii_hall_statues_s, interstate_on_off, kennysheep_generic_room_14,
          uniq_natasha
D:4:      layout_loops_ring, nemelex_spade_bored_becter,
          gammafunk_temple_overflow_forgotten, temple_doors_e, hex_medium,
          uniq_robin
D:5:      layout_rooms, mainiacjoe_overflow_paths, uniq_blork_the_orc
D:6:      layout_layer_cave, uniq_crazy_yiuf_cottage
D:7:      layout_gridville, minmay_strange_pillars
D:8:      layout_loops_ring, gammafunk_temple_overflow_elements, serial_shops,
          nicolae_shop_trees, hangedman_decor_points, minmay_misc_feat_plants,
          st_stairs_12, uniq_maurice
D:9:      layout_roguey, erik_lair_orcish_takeover, the_hattery
D:10:     layout_long_grid, minivault_7, uniq_fannar, uniq_erolcha,
          uniq_nergalle
Temple:   regret_index_temple_generic_petals
Lair:1:   layout_layer_cave, gammafunk_ghost_ooze, uniq_gastronok, uniq_joseph

Skill      XL: |  1  2  3  4  5  6  7  8  9 10 11 |
---------------+----------------------------------+-----
Air Magic      | 4 5 6 7 8 9 10 12 14 15 | 15.2
Invocations    | 1 3 5 8 10 | 10.0
Conjurations   | 3 |  3.0
Spellcasting   | 3 5 6 |  6.0
Dodging        | 4 5 |  5.5
Stealth        | |  1.7

Action                   |  1- 3 |  4- 6 |  7- 9 | 10-12 || total
-------------------------+-------+-------+-------+-------++-------
Melee: Unarmed           |     7 |       |       |       ||     7
       Long sword        |     6 |       |     2 |       ||     8
       Short sword       |     3 |       |       |       ||     3
       Tailslap          |     3 |       |     2 |     2 ||     7
       Spear             |     3 |     8 |    26 |       ||    37
       Staff             |     4 |     2 |     2 |     6 ||    14
 Cast: Shock             |    66 |    64 |    65 |       ||   195
       Airstrike         |       |       |    98 |   110 ||   208
 Abil: Breathe Lightning |       |       |       |     1 ||     1
Evoke: Wand              |       |       |       |     1 ||     1
  Use: Scroll            |       |       |     1 |    13 ||    14
       Potion            |       |       |       |     3 ||     3
 Stab: Sleeping          |     1 |       |       |       ||     1
Armor: Skin              |     4 |     6 |    26 |    23 ||    59
Dodge: Dodged            |    15 |    11 |    41 |    50 ||   117
